 Dungeon Crawl Stone Soup version 0.31-a0-848-gaac375c287 (webtiles) character file.

Game seed: 6199694522051432669

508 porpoise the Shooter (level 7, -5/82 HPs)
             Began as a Human Hunter on Oct 5, 2023.
             Slain by an ogre
             ... wielding a +0 giant spiked club
              (8 damage)
             ... on level 5 of the Dungeon.
             The game lasted 00:08:55 (3348 turns).

porpoise the Shooter (Human Hunter)                 Turns: 3348, Time: 00:08:55

Health: -5/82      AC:  9    Str: 12    XL:     7   Next: 42%
Magic:  7/7        EV: 12    Int:  9    God:
Gold:   96         SH:  0    Dex: 18    Spells: 6/6 levels left

rFire   . . .        (no weapon)
rCold   . . .        (no shield)
rNeg    . . .        c - +0 leather armour
rPois   +            (no helmet)
rElec   .            x - +0 cloak
rCorr   .            j - +0 pair of gloves
SInv    .            (no boots)
Will    .....        (no amulet) Stlth
                     u - +4 ring of protection
HPRegen 0.33/turn    v - ring of poison resistance
MPRegen 0.10/turn

%: no passive effects
@: berserking, very quick
A: no striking features
a: no special abilities


You were on level 5 of the Dungeon.
You visited 2 branches of the dungeon, and saw 6 of its levels.

You collected 156 gold pieces.
You spent 60 gold pieces at shops.

Inventory:

Hand Weapons
 a - a +0 longbow
 A - a +1 shortbow
Missiles
 r - 9 poisoned darts
Armour
 c - a +0 leather armour (worn)
 j - a +0 pair of gloves (worn)
 x - a +0 cloak (worn)
Jewellery
 s - a ring of ice
 u - a +4 ring of protection (left hand)
 v - a ring of poison resistance (right hand)
 y - a +6 ring of strength
Wands
 w - a wand of charming (7)
Scrolls
 b - a scroll of butterflies
 d - a scroll of fear {unknown}
 f - 3 scrolls of teleportation
 g - a scroll of enchant weapon
 h - a scroll of immolation {unknown}
 i - a scroll of fog {unknown}
 m - a scroll of poison
 n - a scroll of vulnerability {unknown}
 z - a scroll of noise {unknown}
Potions
 e - a potion of enlightenment
 k - 2 potions of curing
 l - a potion of brilliance
 p - a potion of haste
 q - a potion of might
 t - 2 potions of cancellation


   Skills:
 + Level 4.6 Fighting
 * Level 7.2 Ranged Weapons
 - Level 2.0 Dodging
 - Level 1.0 Stealth


You had 6 spell levels left.
You didn't know any spells.
Your spell library contained the following spells:

 Spells                   Type           Power      Damage    Failure   Level
 Blink                    Tloc           0%         N/A       61%         2
 Lesser Beckoning         Tloc           0%         N/A       61%         2
 Momentum Strike          Conj/Tloc      0%         3d8       61%         2
 Sublimation of Blood     Necr           0%         N/A       61%         2
 Wereblood                Tmut           0%         N/A       61%         2
 Summon Hydra             Summ           0%         N/A       100%        7


Dungeon Overview and Level Annotations

Branches:
Dungeon (5/15)             Temple (1/1) D:4

Altars:
Ashenzari
Cheibriados
Dithmenos
Elyvilon
Kikubaaqudgha
Makhleb
Okawaru
Sif Muna
Trog
Uskayaw
Vehumet
Wu Jian
Yredelemnul
Zin

Shops:
D:1 *


Message History

The ogre moves out of view.
You shoot an arrow.
The arrow hits the steam dragon but does no damage.
The steam dragon hisses angrily.
You shoot an arrow.
The arrow barely misses the steam dragon.
The ogre shouts!
You shoot an arrow. The arrow hits the steam dragon!
The steam dragon is heavily wounded.
You shoot an arrow. The arrow hits the steam dragon!
The steam dragon is almost dead.
You shoot an arrow.
The arrow barely misses the steam dragon.
The steam dragon breathes steam at you. The ball of steam hits you!
You hear a shout! x2
You shoot an arrow. The arrow hits the steam dragon!
You kill the steam dragon!
The steam dragon scales are intact enough to wear.
You are engulfed in a cloud of scalding steam.
The ogre closely misses you.
Your Ranged Weapons skill increases to level 7!
You shoot an arrow. The arrow closely misses the ogre.
You are engulfed in a cloud of scalding steam.
The ogre hits you with a +0 giant spiked club!
You are too injured to fight recklessly!
You are too injured to fight recklessly!
Unknown command.
You shoot an arrow. The arrow hits the ogre!!
The ogre is severely wounded.
The ogre hits you with a +0 giant spiked club!
* * * LOW HITPOINT WARNING * * *
A lemure comes into view.
A red film seems to cover your vision as you go berserk!
You feel yourself moving faster!
You feel mighty!
The lemure shouts!
You hear a shout!
You are now empty-handed.
You feel a strong urge to attack something.
The ogre hits you with a +0 giant spiked club!
You die...

#. ##.....<. #)#
#####........ #
#.#######......#..#..
#.#.<...............#..
..................##..
###.............#.##..
..#..............##.##..
......#..............#..
.##.[@.####.#......#..
......O.## #.....##....
.......## #.....#####..
....... ........ ###
....... ###..... #
##...#. ...##.. #.....
... #. ...... .. ..


You could see an ogre.

Vanquished Creatures
  A steam dragon (D:5)
  An ice beast (D:5)
  A howler monkey (D:3)
  A jelly (D:5)
  A hound (D:4)
  A sleepcap (D:5)
  An orc wizard (D:3)
  7 adders
  2 worms
  A dart slug (D:3)
  8 orcs
  3 endoplasms
  3 giant cockroaches
  4 goblins (D:4)
  6 hobgoblins
  3 jackals (D:1)
  2 kobolds
  3 quokkas
  4 ball pythons
  3 bats
  2 frilled lizards (D:2)
  5 rats (D:1)
63 creatures vanquished.

Notes
Turn   | Place    | Note
-------+----------+-------------------------------------------
     0 | D:1      | porpoise the Human Hunter began the quest for the Orb.
     0 | D:1      | Reached XP level 1. HP: 16/16 MP: 1/1
    70 | D:1      | Reached XP level 2. HP: 22/22 MP: 2/2
   159 | D:1      | Found Betotak's Assorted Antiques.
   173 | D:1      | Bought a scroll labelled CORANN ZEESYEF for 30 gold pieces
   275 | D:1      | You fall into a shaft and drop 1 floor!
   383 | D:2      | Reached XP level 3. HP: 24/28 MP: 3/3
   836 | D:1      | Bought a scroll labelled FIATIU PEZU for 30 gold pieces
  1234 | D:3      | Reached XP level 4. HP: 34/34 MP: 4/4
  1253 | D:3      | Reached skill level 5 in Ranged Weapons
  1335 | D:3      | Reached XP level 5. HP: 39/41 MP: 5/5
  2044 | D:3      | Found a white marble altar of Elyvilon.
  2044 | D:3      | Found a shimmering blue altar of Sif Muna.
  2044 | D:3      | Found a hide-covered altar of Uskayaw.
  2622 | D:4      | Reached XP level 6. HP: 47/47 MP: 6/6
  2642 | D:4      | Reached skill level 6 in Ranged Weapons
  2945 | D:4      | Found a staircase to the Ecumenical Temple.
  2952 | Temple   | Entered the Ecumenical Temple
  3156 | D:5      | Entered Level 5 of the Dungeon
  3205 | D:5      | Noticed an ice beast
  3219 | D:5      | Killed an ice beast
  3334 | D:5      | Reached XP level 7. HP: 54/54 MP: 7/7
  3338 | D:5      | Noticed a steam dragon
  3344 | D:5      | Killed a steam dragon
  3345 | D:5      | Reached skill level 7 in Ranged Weapons
  3346 | D:5      | HP: 2/55 [ogre/+0 giant spiked club (16)]
  3348 | D:5      | Slain by an ogre

Illustrated notes

Levels and vault maps discovered:
D:1:      ncdulo_watergridlock, layout_rooms, serial_shops, shop,
          minmay_misc_feat_doors, minmay_tripent
D:2:      layout_basic
D:3:      layout_loops_ring, gammafunk_temple_overflow_claw, serial_forest,
          infiniplex_forest_lined_corner, infiniplex_forest_straight_5,
          infiniplex_forest_clump_curved, infiniplex_forest_corner_2,
          infiniplex_forest_side_room
D:4:      layout_loops_ring, minmay_temple_entry_statues_pillars
D:5:      layout_cave_pools, minmay_statues_item, st_stairs_10, uniq_pikel
Temple:   jpeg_temple_clearing

Skill      XL: |  1  2  3  4  5  6  7 |
---------------+----------------------+-----
Ranged Weapons | 5 6 7 |  7.2
Fighting       | 3 4 |  4.6
Dodging        | |  2.0
Stealth        | |  1.0

Action                     |  1- 3 |  4- 6 |  7- 9 || total
---------------------------+-------+-------+-------++-------
   Fire: Shortbow          |    82 |   156 |       ||   238
         Longbow           |       |     4 |     8 ||    12
    Use: Scroll            |     6 |     4 |       ||    10
         Potion            |       |       |     1 ||     1
 Armour: Leather armour    |    21 |    39 |     6 ||    66
  Dodge: Dodged            |    33 |    39 |     1 ||    73

Table legend: (Time is in decaauts)
 A = Elapsed time spent in this place.
 B = Non-inter-level travel time spent in this place.
 C = Inter-level travel time spent in this place.
 D = Time resting spent in this place.
 E = Time spent auto-exploring this place.
 F = Levels seen in this place.
 G = Mean time per level.
                   A        B        C        D        E       F      G
               +--------+--------+--------+--------+--------+-----+--------+
         Total |   3392 |   3280 |    112 |    600 |   2153 |   6 |  565.3 |
       Dungeon |   3391 |   3280 |    111 |    600 |   2153 |   5 |  678.2 |
        Temple |      1 |      0 |      1 |      0 |      0 |   1 |    1.0 |
               +--------+--------+--------+--------+--------+-----+--------+

Top non-repeatable levels by time:
     D:4: 1078 daAuts
     D:3: 937 daAuts
     D:2: 705 daAuts
     D:1: 469 daAuts
     D:5: 199 daAuts
  Temple: 1 daAuts
